 Dungeon Crawl Stone Soup version 0.23.2-30-g0e89c35649 (webtiles) character file.

Game seed: 1616209101864485699

469 Solarlg the Sneak (level 6, -2/45 HPs)
             Began as a Felid Berserker on June 11, 2019.
             Was a Believer of Trog.
             Slain by a scorpion (8 damage)
             ... on level 4 of the Dungeon.
             The game lasted 00:14:08 (3783 turns).

Solarlg the Sneak (Felid Berserker)                 Turns: 3783, Time: 00:14:09

Health: -2/45      AC:  2    Str: 20    XL:     6   Next: 82%
Magic:  7/7        EV: 19    Int:  9    God:    Trog [**....]
Gold:   256        SH:  0    Dex: 15    Spells: 5/5 levels left
                                        Lives:  0   Deaths: 1

rFire    . . .     SeeInvis +     - Unarmed
rCold    . . .     Gourm    .   (shield unavailable)
rNeg     . . .     Faith    .   (armour unavailable)
rPois    .         Spirit   .   (helmet unavailable)
rElec    .         Reflect  .   (cloak unavailable)
rCorr    .         Harm     .   (gloves unavailable)
MR       .....                  (boots unavailable)
Stlth    ..........             (no amulet)
HPRegen  0.15/turn              (no ring)
MPRegen  0.10/turn              (no ring)

@: berserking (expiring), lethally poisoned (-2 -> -4), very quick
A: very small, no armour, no weapons or thrown items, stealth, claws 1, fangs 3,
see invisible, carnivore, speed 1, shaggy fur 2, slow metabolism 1, sharp paws
a: Berserk, Trog's Hand, Renounce Religion


You were on level 4 of the Dungeon.
You worshipped Trog.
Trog was pleased with you.
You were very full.

You visited 1 branch of the dungeon, and saw 4 of its levels.

You collected 256 gold pieces.

Inventory:

Jewellery
 h - a cursed amulet of inaccuracy {unknown}
Wands
 n - a wand of acid (6)
Scrolls
 b - 3 scrolls of enchant weapon {unknown}
 d - 6 scrolls of remove curse {unknown}
 f - 2 scrolls of teleportation {unknown}
 g - 2 scrolls of identify {unknown}
Potions
 c - a potion of cancellation {unknown}
 e - 3 potions of degeneration {unknown}
 i - a potion of berserk rage {unknown}
 j - a potion of might {unknown}
 l - a potion of invisibility {unknown}
 m - a potion of lignification {unknown}
Comestibles
 a - 7 rations
 k - 2 chunks of flesh


   Skills:
 - Level 5.2 Fighting
 - Level 4.3 Dodging
 + Level 5.4 Stealth
 - Level 5.2 Unarmed Combat


You had 5 spell levels left.
You didn't know any spells.
Your spell library was empty.

Dungeon Overview and Level Annotations

Branches:
Dungeon (4/15)
 Temple: D:4-7

Altars:


Innate Abilities, Weirdness & Mutations

You cannot wear armour.
You are incapable of wielding weapons or throwing items.
Your paws allow you to move quietly. (Stealth)
You have sharp claws.
You have razor-sharp teeth.
You have supernaturally acute eyesight. (SInv)
You are carnivorous and can eat meat at any time.
You cover ground quickly.
You are covered in thick fur. (AC +2)
You have a slow metabolism.
Your sharp claws are effective at attacking unaware monsters.


Message History

The orc hits you with a +0 mace.
* * * LOW HITPOINT WARNING * * *
Okay, then.
You mangle the orc!!
You kill the orc!
Trog accepts your kill.
You feel sick. The scorpion closely misses you.
You mangle the orc!!
You kill the orc!
Trog accepts your kill. The scorpion barely misses you.
You barely miss the scorpion.
The scorpion is severely wounded.
You closely miss the scorpion.
The scorpion is severely wounded.
The scorpion completely misses you.
You scratch the orc.
The orc is severely wounded.
You feel sick. The scorpion stings you!
You die...

###...###.####
### #.. #.##
#<# # #..# #.#
##.# #.# #.#
#.# #.## #.#
#..# #.# ###
##.# #.###.#
#@## #.....#
#os# #####.#
##.## #####.#
#..# ......#
#.........#
......###
#.###.....#
........# #
##....#
......###
....# ......#
....#


You could see a scorpion and an orc.

Vanquished Creatures
  Sigmund (D:2)
  A crimson imp (D:2)
  2 orc priests
  A centaur skeleton (D:4)
  Ijyb (D:3)
  Terence (D:2)
  Natasha (D:4)
  A worker ant (D:4)
  5 adders
  2 oozes
  3 worms
  2 dart slugs (D:3)
  A leopard gecko (D:4)
  7 orcs
  14 giant cockroaches
  7 goblins
  6 hobgoblins
  5 quokkas
  9 bats
  A frilled lizard (D:2)
  5 kobolds
  7 rats
83 creatures vanquished.

Notes
Turn   | Place    | Note
-------+----------+-------------------------------------------
     0 | D:1      | Solarlg the Felid Berserker began the quest for the Orb.
     0 | D:1      | Reached XP level 1. HP: 10/10 MP: 2/2
   523 | D:1      | Reached XP level 2. HP: 14/14 MP: 3/3
   971 | D:1      | You fall through a shaft!
  1052 | D:2      | Reached XP level 3. HP: 12/17 MP: 4/4
  1076 | D:2      | Noticed Sigmund
  1699 | D:2      | Reached ** piety under Trog
  1861 | D:2      | Reached XP level 4. HP: 21/22 MP: 5/5
  2028 | D:2      | Killed from afar by Sigmund
  2029 | D:2      | Reached XP level 3. HP: -8/18 MP: 4/4
  2567 | D:2      | Killed Sigmund
  2567 | D:2      | Reached skill level 5 in Fighting
  2567 | D:2      | Reached skill level 5 in Unarmed Combat
  2567 | D:2      | Reached XP level 4. HP: 23/23 MP: 5/5
  2567 | D:2      | Reached XP level 5. HP: 26/26 MP: 6/6
  2613 | D:2      | Noticed Terence
  2623 | D:2      | Killed Terence
  2968 | D:3      | Reached skill level 1 in Stealth
  2984 | D:3      | Gained mutation: You are covered in thick fur. (AC +2)
                  | [Felid growth]
  2984 | D:3      | Reached XP level 6. HP: 30/30 MP: 7/7
  3201 | D:3      | Noticed Ijyb
  3215 | D:3      | Killed Ijyb
  3722 | D:4      | Noticed Natasha
  3732 | D:4      | Killed Natasha
  3732 | D:4      | Reached skill level 5 in Stealth
  3783 | D:4      | Slain by a scorpion

Skill      XL: |  1  2  3  4  5  6 |
---------------+-------------------+-----
Fighting       | 5 |  5.2
Unarmed Combat | 5 |  5.2
Stealth        | 1 5 |  5.4
Dodging        | |  4.3

Action                   |  1- 3 |  4- 6 || total
-------------------------+-------+-------++-------
Melee: Unarmed           |   125 |   131 ||   256
       Bite              |     9 |    11 ||    20
       Punch             |     3 |     1 ||     4
Invok: Berserk           |     2 |     3 ||     5
       Trog's Hand       |     1 |     3 ||     4
 Stab: Sleeping          |       |     7 ||     7
  Eat: Chunk             |    10 |     8 ||    18
Armor: Skin              |     5 |     6 ||    11
Dodge: Dodged            |    88 |   101 ||   189
